 Dungeon Crawl Stone Soup version 0.20.0-10-g0535bb4 (webtiles) character file.

34 SedStubbie the Vexing (level 3, -1/23 HPs)
             Began as an Octopode Arcane Marksman on June 3, 2017.
             Slain by a hobgoblin
             ... wielding a +0 club
              (2 damage)
             ... on level 2 of the Dungeon.
             The game lasted 00:02:13 (890 turns).

SedStubbie the Vexing (Octopode Arcane Marksman)     Turns: 890, Time: 00:02:14

Health: -1/23      AC:  1    Str:  9    XL:     3   Next: 31%
Magic:  4/4        EV: 14    Int: 15    God:
Gold:   85         SH:  0    Dex: 13    Spells: 3/4 levels left

rFire    . . .     SeeInvis .   a - +0 hunting sling
rCold    . . .     Gourm    .   (no shield)
rNeg     . . .     Faith    .   (helmet restricted)
rPois    .         Spirit   .   (no amulet)
rElec    .         Reflect  .   (no ring)
rCorr    .         Harm     .   (no ring)
MR       .....                  (no ring)
Stlth    ++........             (no ring)
Regen    0.1/turn               (no ring)
MPRegen  0.1/turn               (no ring)
                                (no ring)
                                (no ring)

@: no status effects
A: almost no armour, stealthy swim, amphibious, 8 rings, constrict 8, camouflage
1, gelatinous body 1
a: no special abilities


You were on level 2 of the Dungeon.
You were not hungry.

You visited 1 branch of the dungeon, and saw 2 of its levels.

You collected 85 gold pieces.

Inventory:

Hand Weapons
 a - a +0 hunting sling (weapon)
Missiles
 f - 21 stones (quivered)
Scrolls
 h - 2 scrolls of identify {unknown}
 i - a scroll of fog {unknown}
 j - a scroll of recharging {unknown}
 l - a scroll of enchant armour {unknown}
 m - a scroll of remove curse {unknown}
 n - a scroll of magic mapping {unknown}
Books
 e - a book of Debilitation

   Spells                             Type                      Level
   a - Corona                         Hexes                        1
   b - Slow                           Hexes                        2
   c - Inner Flame                    Hexes/Fire                   3
   d - Portal Projectile              Hexes/Translocation          3
   e - Cause Fear                     Hexes                        4
   f - Leda's Liquefaction            Hexes/Earth                  4
Comestibles
 d - a bread ration


   Skills:
 - Level 1.0 Fighting
 + Level 2.9 Slings
 + Level 2.9 Dodging
 - Level 1.0 Spellcasting
 - Level 3.0 Hexes


You had 3 spell levels left.
You knew the following spells:

 Your Spells              Type           Power        Failure   Level  Hunger
a - Corona                Hex            #......      7%          1    ##.....


Dungeon Overview and Level Annotations

Branches:
Dungeon (2/15)

Altars:


Innate Abilities, Weirdness & Mutations

You cannot wear most types of armour.
You are very stealthy in the water. (Stealth+)
You are amphibious.
You can wear up to eight rings at the same time.
You can use your tentacles to constrict eight enemies at once.
Your skin changes colour to match your surroundings (Stealth+).
Your rubbery body absorbs attacks. (AC +1, EV +1)


Message History

Aim: a hobgoblin, wielding a club (heavily wounded)
You shoot a stone. The stone hits the hobgoblin.
The hobgoblin is almost dead.
Your resistance to elements expires.
The hobgoblin hits you with a club.
* * * LOW HITPOINT WARNING * * *
Firing (i - inventory):
f - 23 stones (quivered)
Press: ? - help, Shift-Dir - straight line, f/p - hobgoblin
Aim: a hobgoblin, wielding a club (almost dead)
You shoot a stone.
The stone hits the hobgoblin but does no damage.
The hobgoblin is almost dead.
The hobgoblin hits you with a club.
* * * LOW HITPOINT WARNING * * *
Firing (i - inventory):
f - 22 stones (quivered)
Press: ? - help, Shift-Dir - straight line, f/p - hobgoblin
Aim: a hobgoblin, wielding a club (almost dead)
You shoot a stone. The stone barely misses the hobgoblin.
The hobgoblin hits you with a club.
You die...

###..###
##...##
###..####
##....# ####.#
#.## .. #..#
### ##.# .. #@#
##. #g# .
.....((........
().....(.......
(....####......
##... .#....
#.# .##... #(.
. ... #. # ..


You could see a hobgoblin.

Vanquished Creatures
  An adder (D:2)
  3 leopard geckos (D:1)
  3 bats (D:1)
  4 hobgoblins (D:1)
  5 kobolds
  3 frilled lizards
  A goblin (D:1)
20 creatures vanquished.

Notes
Turn   | Place    | Note
-------+----------+-------------------------------------------
     0 | D:1      | SedStubbie the Octopode Arcane Marksman began the quest for the Orb.
     0 | D:1      | Reached XP level 1. HP: 13/13 MP: 2/2
   309 | D:1      | Reached XP level 2. HP: 13/18 MP: 3/3
   865 | D:2      | Reached XP level 3. HP: 23/23 MP: 4/4
   889 | D:2      | HP: 1/23 [hobgoblin/club (2)]
   890 | D:2      | Slain by a hobgoblin

Action                   || total
-------------------------++-------
 Fire: Hunting sling     ||    83
  Use: Potion            ||     2
Armor: Skin              ||     2
Dodge: Dodged            ||    32
